 Dungeon Crawl Stone Soup version 0.28-a0-863-g8cecda6153 (webtiles) character file.

Game seed: 6321999082949204895

10316 ders the Geomancer (level 11, -5/55 HPs)
             Began as a Gargoyle Earth Elementalist on Nov 17, 2021.
             Was a Priest of Vehumet.
             Slain by a moth of wrath (10 damage)
             ... in a Gauntlet.
             The game lasted 00:23:57 (14650 turns).

ders the Geomancer (Gargoyle Earth Elementalist)   Turns: 14650, Time: 00:23:58

Health: -5/55      AC: 14    Str: 12    XL:     11   Next: 60%
Magic:  10/24      EV: 11    Int: 25    God:    Vehumet [***...]
Gold:   73         SH:  0    Dex: 10    Spells: 10/29 levels left

rFire   + + .      SeeInvis .   i - staff of conjuration
rCold   . . .      Faith    .   (no shield)
rNeg    + . .      Spirit   .   d - +2 robe {rF+}
rPois   ∞          Reflect  .   a - +1 hat
rElec   +          Harm     .   (no cloak)
rCorr   .          Rampage  .   B - +0 pair of gloves
Will    .....      NoTele   +   (no boots)
Stlth   +++.......              J - amulet of the acrobat
HPRegen 0.18/turn               k - +6 ring of intelligence
MPRegen 0.19/turn               E - ring of protection from fire

@: no status effects
A: sickness immunity, AC +8, negative energy resistance 1, electricity
resistance, torment resistance 1, petrification resistance
a: Renounce Religion


You were in a Gauntlet.
You worshipped Vehumet.
Vehumet was most pleased with you.
You visited 3 branches of the dungeon, and saw 12 of its levels.
You also visited: Gauntlet.

You collected 616 gold pieces.
You spent 543 gold pieces at shops.

Inventory:

Missiles
 o - 150 stones
Armour
 a - a +1 hat (worn)
 d - a +2 robe of fire resistance (worn)
 B - a +0 pair of gloves (worn)
 K - a +0 buckler
Magical Staves
 i - a staff of conjuration (weapon)
Jewellery
 k - a +6 ring of intelligence (left hand)
 t - a +4 ring of slaying
 u - a ring of flight
 v - a ring of fire
 E - a ring of protection from fire (right hand)
 J - an amulet of the acrobat (around neck)
 L - a ring of protection from fire
 M - an amulet of regeneration
Wands
 p - a wand of flame (75)
 r - a wand of iceblast (44)
 y - a wand of paralysis (10)
 C - a wand of acid (6)
Scrolls
 e - a scroll of teleportation
 g - 2 scrolls of noise
 h - 2 scrolls of enchant weapon
 m - 4 scrolls of enchant armour
 s - a scroll of silence
 w - a scroll of amnesia
 D - a scroll of fear
 F - a scroll of holy word
 I - a scroll of fog {unknown}
Potions
 b - 2 potions of haste {unknown}
 c - a potion of berserk rage
 f - 5 potions of curing
 j - 4 potions of degeneration
 l - a potion of attraction {unknown}
 n - 4 potions of flight
 q - a potion of lignification {unknown}
 x - a potion of might {unknown}
 z - a potion of heal wounds
 A - a potion of resistance {unknown}
 G - a potion of ambrosia {unknown}
 H - a potion of brilliance


   Skills:
 - Level 0.5 Fighting
 - Level 1.5 Dodging
 + Level 5.5 Stealth
 + Level 9.5 Spellcasting
 * Level 9.9 Conjurations
 - Level 0.7 Transmutations
 * Level 13.4 Earth Magic


You had 10 spell levels left.
You knew the following spells:

 Your Spells              Type           Power      Damage    Failure   Level
a - Sandblast             Erth           100%       2d20      0%          1
b - Stone Arrow           Conj/Erth      100%       3d13      1%          3
c - Lee's Rapid Deconstr  Erth           34%        3d18*     1%          5
d - Petrify               Tmut/Erth      47%        N/A       2%          4
e - Iron Shot             Conj/Erth      41%        9d8       1%          6

Your spell library contained the following spells:

 Spells                   Type           Power      Damage    Failure   Level
 Olgreb's Toxic Radiance  Pois           11%        N/A       13%         4
 Magic Dart               Conj           100%       1d8       1%          1
 Passwall                 Tmut/Erth      39%        N/A       1%          2
 Hailstorm                Conj/Ice       53%        3d12      1%          4
 Iskenderun's Mystic Bla  Conj/Tloc      53%        2d11      1%          4
 Iskenderun's Battlesphe  Conj           75%        2d12      1%          5
 Poisonous Vapours        Pois/Air       22%        N/A       2%          2
 Irradiate                Conj/Tmut      27%        3d22      4%          5
 Slow                     Hex            44%        N/A       5%          1
 Lightning Bolt           Conj/Air       26%        1d42      5%          5
 Wereblood                Tmut           15%        N/A       6%          2
 Corpse Rot               Necr/Air       22%        N/A       8%          2
 Airstrike                Air            5%         N/A       13%         4
 Confusing Touch          Hex            11%        N/A       16%         3
 Orb of Destruction       Conj           37%        9d13      19%         7
 Yara's Violent Unravell  Hex/Tmut       6%         3d5       30%         5
 Ice Form                 Ice/Tmut       13%        N/A       41%         4
 Summon Lightning Spire   Summ/Air       11%        N/A       45%         4
 Spellforged Servitor     Conj/Summ      26%        N/A       78%         7
 Simulacrum               Ice/Necr       5%         N/A       100%        6
 Summon Hydra             Summ           5%         N/A       100%        7
 Sublimation of Blood     Necr           Unusable   N/A       N/A         2

Dungeon Overview and Level Annotations

Branches:
Dungeon (10/15)            Temple (1/1) D:6            Lair (1/6) D:10
    Orc (0/2) D:10        Gauntlet (1/1)

Altars:
Ashenzari
Cheibriados
Dithmenos
Elyvilon
Fedhas
Gozag
Hepliaklqana
Kikubaaqudgha
Makhleb
Nemelex Xobeh
Okawaru
Qazlal
Ru
Sif Muna
Trog
Uskayaw
Vehumet
Wu Jian
Xom
Yredelemnul
Zin
The Shining One

Shops:
D:4 ?::((   D:5 =[   D:6 (   D:9 (

Annotations:
D:8 3 runed translucent doors, jasper's ghost, novice DsCA Gauntlet 15 transporters


Innate Abilities, Weirdness & Mutations

You are immune to sickness and miasma.
Your stone body is resilient. (AC +8)
You are immune to poison.
You resist negative energy. (rN+)
You are resistant to electric shocks. (rElec)
You are resistant to unholy torment.
You are immune to petrification.


Message History

The wolf bites you but does no damage. The wolf bites you! The wolf bites you.
The moth of wrath goads the wolf on!
The wolf goes berserk!
Unknown command.
Casting: Sandblast (safe; 0% risk of failure)
Confirm with . or Enter, or press ? or * to list all spells.
Aiming: Stone Arrow (safe; 1% risk of failure)
Press: ? - help, Shift-Dir - straight line, f/p - wolf
Aim: a wolf (almost dead, berserk, 63% to hit)
You feel a surge of power!
The stone arrow hits the wolf!!
You kill the wolf!
Vehumet accepts your kill.
You feel your power returning. The wolf bites you.
The wolf bites you but does no damage. x2; The wolf barely misses you.
Unknown command.
Casting: Stone Arrow (safe; 1% risk of failure)
Confirm with . or Enter, or press ? or * to list all spells.
Aiming: Stone Arrow (safe; 1% risk of failure)
Press: ? - help, Shift-Dir - straight line, f - moth of wrath
Aim: a moth of wrath (78% to hit)
You feel a surge of power!
The stone arrow hits the moth of wrath!
The moth of wrath is moderately wounded.
The wolf barely misses you. The wolf closely misses you.
The wolf bites you but does no damage. The wolf bites you!
The moth of wrath bites you but does no damage.
The wolf barely misses you.
Unknown command.
Casting: Stone Arrow (safe; 1% risk of failure)
Confirm with . or Enter, or press ? or * to list all spells.
Aiming: Iron Shot (dangerous; 1% risk of failure)
Press: ? - help, Shift-Dir - straight line, f/p - moth of wrath
Aim: a moth of wrath (moderately wounded, 76% to hit)
You feel a surge of power!
The iron shot misses the moth of wrath.
The wolf bites you but does no damage. The wolf closely misses you.
The wolf bites you but does no damage. The wolf bites you.
The moth of wrath closely misses you. The wolf bites you!
* * * LOW HITPOINT WARNING * * *
The wolf bites you.
* * * LOW HITPOINT WARNING * * *
The moth of wrath bites you!
You die...

### ####.#########.....≈###
≈§ ≈≈§#........©#......#8#
## ####.#############..###
.. ....#.#.##.".©?..##..#
#..#...#.#.#.#.....#.#..###
.#..#..#.#.#..#...#..#..#8#
..#..#.#.#.#...#.#...#..###
#..#©.##©#.#....#....#..#
..#..#.###.#...#@#...#..###
.#..#..#...#..#hhy#..#..#8#
#..#..w#...#.#.....#.#..###
..#...D#...##.......##..#
########...###########..#
.........≈......©......§###
.......§≈8§........∩...∩#8#
.......§.≈§.....©......≈###
########...###########..#


You could see a moth of wrath and 2 wolves.

Vanquished Creatures
  A two-headed ogre (D:8)
  2 death yaks (D:10)
  Maggie (D:6)
  A kobold demonologist (D:9)
  A komodo dragon (Lair:1)
  2 trolls (D:10)
  4 yaks (D:10)
  A vampire (D:9)
  Menkaure (D:6)
  5 water moccasins
  An ice beast (D:5)
  5 orc warriors
  2 sky beasts
  2 black bears
  A wolf (Gauntlet)
  4 centaurs
  5 ogres
  3 phantoms
  4 kobold brigands
  6 bullfrogs
  6 gnoll sergeants
  2 scorpions (D:4)
  A wyvern skeleton (D:4)
  A water moccasin skeleton (D:4)
  8 killer bees
  A wight (D:7)
  5 howler monkeys
  A bullfrog zombie (D:7)
  4 centaur zombies
  Crazy Yiuf (D:7)
  A bullfrog skeleton (D:6)
  3 jellies
  2 orc priests
  A gnoll shaman (D:4)
  2 hounds
  2 centaur skeletons
  3 iguanas
  9 orc wizards
  Natasha (twice) (D:2)
  2 killer bee zombies
  A hound skeleton (D:5)
  A howler monkey skeleton (D:4)
  12 gnolls
  4 adders
  A shadow imp (D:5)
  A white imp (D:8)
  3 worms
  A dart slug (D:1)
  43 orcs
  2 bats (D:2)
  7 endoplasms
  7 giant cockroaches
  6 goblins
  6 hobgoblins
  4 jackals (D:1)
  5 quokkas
  10 ball pythons
  2 frilled lizards
  30 kobolds
  7 rats
262 creatures vanquished.

Vanquished Creatures (others)
  Maurice (D:8)
  6 fungi (Gauntlet)
  8 plants (Gauntlet)
15 creatures vanquished.

Grand Total: 277 creatures vanquished

Notes
Turn   | Place    | Note
-------+----------+-------------------------------------------
     0 | D:1      | ders the Gargoyle Earth Elementalist began the quest for
                  | the Orb.
     0 | D:1      | Reached XP level 1. HP: 10/10 MP: 3/3
   139 | D:1      | Reached XP level 2. HP: 15/15 MP: 3/5
   240 | D:1      | Reached skill level 1 in Conjurations
   468 | D:1      | Reached skill level 4 in Earth Magic
   717 | D:1      | Reached XP level 3. HP: 19/19 MP: 4/6
  1222 | D:2      | Found a faded altar of an unknown god.
  1336 | D:2      | Noticed Natasha
  1339 | D:2      | Killed Natasha
  1340 | D:2      | Reached XP level 4. HP: 24/24 MP: 5/8
  1344 | D:2      | Noticed Natasha
  1351 | D:2      | Killed Natasha
  1506 | D:2      | Learned a level 3 spell: Stone Arrow
  2533 | D:3      | Reached XP level 5. HP: 24/28 MP: 7/9
  2774 | D:4      | Reached skill level 5 in Earth Magic
  2881 | D:4      | Reached XP level 6. HP: 23/32 MP: 7/11
  2979 | D:4      | Found Ifysisyu's Antique Weapon Shop.
  3022 | D:4      | Noticed a sky beast
  3033 | D:4      | Killed a sky beast
  3205 | D:4      | Found Qarphor's Book Emporium.
  3208 | D:4      | Found Haseffawn's Magic Scroll Shoppe.
  3248 | D:4      | Bought a scroll of teleportation for 39 gold pieces
  3413 | D:4      | Reached skill level 6 in Earth Magic
  3544 | D:4      | Found Anelinecs's Book Shop.
  3695 | D:4      | Reached XP level 7. HP: 35/36 MP: 2/13
  4051 | D:4      | Found Eluwiuv's Weapon Boutique.
  4577 | D:5      | Entered Level 5 of the Dungeon
  4728 | D:5      | Reached skill level 5 in Conjurations
  4778 | D:5      | Reached skill level 5 in Spellcasting
  4778 | D:5      | Reached skill level 7 in Earth Magic
  4778 | D:5      | Reached XP level 8. HP: 41/41 MP: 8/15
  5008 | D:5      | Found Urcho's Antique Armour Shop.
  5020 | D:5      | Found Kaneg's Jewellery Emporium.
  5154 | D:5      | Found a hide-covered altar of Uskayaw.
  5729 | D:6      | Noticed Maggie
  5735 | D:6      | Killed Maggie
  5736 | D:6      | Reached skill level 8 in Earth Magic
  6114 | D:6      | Reached XP level 9. HP: 45/45 MP: 14/18
  6226 | D:6      | Reached skill level 9 in Earth Magic
  6297 | D:6      | Found Osenoq's Weapon Shoppe.
  6328 | D:6      | Found a burning altar of Makhleb.
  6337 | D:6      | Found a bloodstained altar of Trog.
  6389 | D:6      | Found a staircase to the Ecumenical Temple.
  6399 | Temple   | Entered the Ecumenical Temple
  6673 | Temple   | Became a worshipper of Vehumet
  6703 | D:6      | Found an ancient bone altar of Kikubaaqudgha.
  6708 | D:6      | Noticed Menkaure
  6710 | D:6      | Killed Menkaure
  6744 | D:6      | Found a shimmering blue altar of Sif Muna.
  7019 | D:6      | Found a shadowy altar of Dithmenos.
  7699 | D:7      | Reached skill level 10 in Earth Magic
  8234 | D:7      | Reached XP level 10. HP: 45/50 MP: 9/21
  8250 | D:7      | Reached * piety under Vehumet
  8250 | D:7      | Offered knowledge of Magic Dart by Vehumet.
  8588 | D:7      | Found a runed translucent door.
  8589 | D:7      | Noticed Crazy Yiuf
  8750 | D:7      | Killed Crazy Yiuf
  9022 | D:7      | Reached skill level 11 in Earth Magic
  9109 | D:8      | Noticed a two-headed ogre
  9114 | D:8      | Killed a two-headed ogre
  9325 | D:8      | Found a runed translucent gate.
  9325 | D:8      | Found a runed translucent gate.
  9367 | D:8      | Noticed Maurice
  9375 | D:8      | Killed Maurice
  9875 | D:8      | Found a runed translucent gate.
  9875 | D:8      | Found an opulent altar of Gozag.
  9877 | D:8      | Noticed a gargoyle
  9877 | D:8      | Noticed jasper's ghost (novice DsCA)
  9903 | D:8      | Identified a scroll of acquirement
  9974 | D:4      | Acquired the Compendium of Attacks and the Mountains
  9982 | D:4      | Learned a level 5 spell: Lee's Rapid Deconstruction
  9987 | D:4      | Learned a level 4 spell: Petrify
 10105 | D:9      | Found Ilutafub's Weapon Boutique.
 10421 | D:9      | Reached skill level 12 in Earth Magic
 10527 | D:8      | Reached ** piety under Vehumet
 10644 | D:9      | Offered knowledge of Foxfire by Vehumet.
 10822 | D:4      | Bought a book of Power for 504 gold pieces
 10829 | D:4      | Learned a level 6 spell: Iron Shot
 11079 | D:9      | Noticed a kobold demonologist
 11378 | D:9      | Killed a kobold demonologist
 11924 | D:10     | Entered Level 10 of the Dungeon
 11924 | D:10     | Found a sacrificial altar of Ru.
 11937 | D:10     | Reached XP level 11. HP: 43/55 MP: 8/24
 12541 | D:10     | Offered knowledge of Dazzling Flash by Vehumet.
 12672 | D:10     | Reached *** piety under Vehumet
 12816 | D:10     | Found a staircase to the Orcish Mines.
 13104 | D:10     | Reached skill level 13 in Earth Magic
 13203 | D:10     | Offered knowledge of Olgreb's Toxic Radiance by Vehumet.
 13312 | D:10     | Reached skill level 5 in Stealth
 13444 | D:10     | Noticed a death yak
 13445 | D:10     | Found a staircase to the Lair.
 13445 | D:10     | Noticed a death yak
 13445 | D:10     | Noticed a death yak
 13446 | D:10     | Noticed a death yak
 13446 | D:10     | Noticed a death yak
 13446 | D:10     | Noticed a death yak
 13446 | D:10     | Noticed a death yak
 13456 | D:10     | Killed a death yak
 13694 | D:10     | Killed a death yak
 14011 | Lair:1   | Entered Level 1 of the Lair of Beasts
 14148 | Lair:1   | Found a gate leading to a gauntlet.
 14204 | Gauntlet | Entered a Gauntlet
 14204 | Gauntlet | Found a transporter.
 14204 | Gauntlet | Found a transporter.
 14212 | Gauntlet | Noticed a moth of wrath
 14213 | Gauntlet | Found a transporter.
 14228 | Gauntlet | Found a transporter.
 14244 | Gauntlet | Found a transporter.
 14255 | Gauntlet | Found a transporter.
 14272 | Gauntlet | Noticed a ghost crab
 14325 | Gauntlet | Noticed a catoblepas
 14335 | Gauntlet | Found a transporter.
 14349 | Gauntlet | Found a transporter.
 14352 | Gauntlet | Noticed a death drake
 14357 | Gauntlet | Noticed a quicksilver ooze
 14363 | Gauntlet | Found a transporter.
 14376 | Gauntlet | Found a transporter.
 14378 | Gauntlet | Noticed a moth of wrath
 14453 | Gauntlet | Found a transporter.
 14463 | Gauntlet | Found a transporter.
 14465 | Gauntlet | Found a transporter.
 14465 | Gauntlet | Noticed an eight-headed hydra
 14473 | Gauntlet | Found a transporter.
 14475 | Gauntlet | Found a transporter.
 14475 | Gauntlet | Found a transporter.
 14650 | Gauntlet | Slain by a moth of wrath

Illustrated notes

Levels and vault maps discovered:
D:1:      heliophobic_arrival_battle_scene, layout_rooms
D:2:      layout_basic, hellmonk_ecumenical_altar_blasted,
          minmay_misc_feat_enclosed, uniq_natasha
D:3:      layout_basic
D:4:      layout_basic, serial_shops, nicolae_stop_n_shop_2,
          nicolae_shop_crystal, nicolae_shop_trees, nicolae_shop_statue_plus,
          shop
D:5:      layout_rooms, nicolae_uskayaw_suspiria, serial_shops,
          nicolae_shop_temple_entry_statues_fountains, shop_statue
D:6:      layout_basic, nicolae_overflow_quartered_altars,
          mainiacjoe_overflow_paths, minmay_temple_entry_stoned_glass,
          serial_shops, shop_fountains, uniq_menkaure, uniq_maggie
D:7:      minmay_inner_zag, layout_basic, uniq_crazy_yiuf_cottage
D:8:      layout_rooms, ebering_ghost_gozag, uniq_maurice
D:9:      layout_basic, serial_shops, nicolae_shop_advertising_works
          [nicolae_subvault_shop_adworks]
D:10:     layout_loops_corners, lemuel_crystal_altar, dpeg_lair_monsters,
          kennysheep_orc_monster_closet_entryway, grunt_ministairs_8
Temple:   regret_index_temple_generic_petals
Lair:1:   layout_cellular_growth, nzn_ghost_randoct, gauntlet_entry_generic
Gauntlet: gammafunk_gauntlet_branching [nicolae_gauntlet_swirl,
          nicolae_gauntlet_arena_x, nicolae_gauntlet_arena_quarters,
          gammafunk_gauntlet_arena_spirals,
          gammafunk_gauntlet_arena_arrow_garden,
          gammafunk_gauntlet_arena_crates, nicolae_gauntlet_arena_t_cross,
          gammafunk_gauntlet_arena_split_diamond,
          nicolae_gauntlet_exit_dead_adventurers]

Skill      XL: |  1  2  3  4  5  6  7  8  9 10 11 |
---------------+----------------------------------+-----
Conjurations   | 1 2 3 4 5 6 7 8 9 |  9.9
Earth Magic    | 4 5 6 7 8 10 12 13 | 13.4
Spellcasting   | 3 4 5 6 7 9 |  9.5
Stealth        | 3 4 5 |  5.5
Fighting       | |  0.5
Dodging        | |  1.5
Transmutations | |  0.7

Action                   |  1- 3 |  4- 6 |  7- 9 | 10-12 || total
-------------------------+-------+-------+-------+-------++-------
Melee: Unarmed           |     5 |       |       |     1 ||     6
       Dagger            |    14 |       |       |       ||    14
       Lajatang          |     1 |    43 |     4 |       ||    48
       Staff             |       |       |    18 |     4 ||    22
 Cast: Sandblast         |    46 |    33 |    40 |   114 ||   233
       Stone Arrow       |       |    15 |    92 |    89 ||   196
       Iron Shot         |       |       |       |     7 ||     7
       Lee's Rapid Decon |       |       |       |     3 ||     3
  Use: Scroll            |       |       |     1 |    16 ||    17
       Potion            |       |       |       |     2 ||     2
 Stab: Distracted        |       |       |       |     1 ||     1
Armor: Robe              |    10 |    15 |    33 |    68 ||   126
Dodge: Dodged            |    26 |    43 |    26 |    72 ||   167

Table legend: (Time is in decaauts)
 A = Elapsed time spent in this place.
 B = Non-inter-level travel time spent in this place.
 C = Inter-level travel time spent in this place.
 D = Time resting spent in this place.
 E = Time spent auto-exploring this place.
 F = Levels seen in this place.
 G = Mean time per level.
                   A        B        C        D        E       F      G
               +--------+--------+--------+--------+--------+-----+--------+
         Total |  14683 |  13563 |   1120 |   5627 |   6054 |  13 | 1129.5 |
       Dungeon |  13748 |  12697 |   1051 |   5592 |   5459 |  10 | 1374.8 |
        Temple |    296 |    245 |     51 |      0 |    214 |   1 |  296.0 |
          Lair |    192 |    174 |     18 |     35 |    122 |   1 |  192.0 |
      Gauntlet |    445 |    445 |      0 |      0 |    259 |   1 |  445.0 |
               +--------+--------+--------+--------+--------+-----+--------+

Top non-repeatable levels by time:
    D:10: 2087 daAuts
     D:7: 2081 daAuts
     D:4: 1898 daAuts
     D:8: 1446 daAuts
     D:3: 1182 daAuts
     D:1: 1117 daAuts
     D:6: 1110 daAuts
     D:5: 1070 daAuts
     D:9: 1058 daAuts
     D:2: 695 daAuts
Gauntlet: 445 daAuts
  Temple: 296 daAuts
  Lair:1: 192 daAuts
